Map: Thunderbird LE

Players

pHARM - Winner!

  • Race: Zerg Zerg
  • League: Platinum
  • Spawn Location: 11:00

UnderWhere

  • Race: Zerg Zerg
  • League: Platinum
  • Spawn Location: 5:00

VOD

Have the link to the VOD?

Description

Time

  • Played on: Aug. 12, 2019, 3:38 p.m.
  • Length: 14:01
Show
View Real Time Build Order
Export as new Build Order

pHARM Zerg - Winner!

Build Orders: Hatch First, Roach Hydra 

Get SALT Encoding   

  12  0:01  Drone  
  13  0:13  Overlord  
  13  0:18  Drone  
  14  0:32  Drone x2  
  16  0:51  Hatchery  
  15  0:57  Drone x2  
  17  1:11  Spawning Pool  
  16  1:13  Drone  
  16  1:16  Drone  
  18  1:25  Drone  
  19  1:30  Drone  
  20  1:37  Extractor  
  19  1:40  Drone  
  20  2:02  Overlord  
  20  2:04  Drone x2  
  22  2:11  Queen x2  
  26  2:16  Drone x2  
  28  2:24  Drone  
  28  2:25  Drone  
  30  2:35  Drone  
  31  2:37  Overlord  
  31  2:46  Overlord  
  31  2:48  Lair  
  31  2:53  Drone  
  32  3:04  Evolution Chamber  
  31  3:12  Drone x4  
  35  3:21  Roach Warren  
  35  3:23  Drone x5  
  39  3:34  Evolution Chamber, Zerg Missile Weapons Level 1  
  39  3:36  Overlord  
  39  3:39  Drone  
  39  3:41  Extractor  
  38  3:42  Drone  
  38  3:43  Extractor  
  38  4:00  Glial Reconstitution  
  38  4:11  Drone x3  
  38  4:12  Drone x5  
  38  4:15  Roach  
  48  4:28  Overlord  
  48  4:33  Roach  
  48  4:34  Roach x2  
  54  4:41  Roach x3  
  60  4:48  Roach x3  
  60  4:50  Overlord  
  66  4:57  Hatchery  
  65  5:01  Roach  
  67  5:11  Roach x4  
  75  5:20  Overlord x2  
  75  5:39  Drone x5  
  75  5:42  Zerg Missile Weapons Level 2, Zerg Ground Armor Level 1  
  80  6:01  Queen  
  80  6:02  Drone x2  
  84  6:04  Overlord x2  
  84  6:12  Overseer  
  84  6:53  Overlord x2  
  84  6:56  Drone  
  84  6:57  Drone x13  
  84  6:59  Extractor  
  97  7:01  Extractor  
  97  7:07  Infestation Pit  
  95  7:10  Hydralisk Den, Extractor  
  93  7:18  Drone x3  
  96  7:26  Drone  
  97  7:31  Roach  
  97  7:32  Roach x4  
  107  7:39  Grooved Spines  
  107  7:40  Hatchery  
  107  7:43  Hive  
  106  7:45  Zerg Ground Armor Level 2  
  106  7:47  Roach  
  106  7:48  Roach x3  
  106  7:49  Overlord x2  
  114  7:55  Overlord x3  
  114  8:11  Roach x3  
  114  8:12  Hydralisk x6  
  120  8:13  Hydralisk x3  
  138  8:28  Hydralisk  
  138  8:29  Hydralisk x2  
  138  8:33  Overlord  
  144  8:38  Hydralisk x5  
  154  8:51  Muscular Augments  
  154  9:02  Roach  
  150  9:03  Roach x7  
  140  9:19  Roach x10  
  160  9:36  Overlord x3  
  160  10:03  Roach  
  160  10:04  Roach x11  
  160  10:05  Overlord  
  160  10:06  Overlord x2  
  184  10:22  Zerg Ground Armor Level 3  
  184  10:26  Zerg Melee Weapons Level 1  
  184  10:30  Hydralisk x8  
  184  10:32  Overlord x3  
  200  11:01  Overseer  
  200  11:03  Overseer x3  
  156  11:42  Roach x5  
  156  11:43  Roach x19  
  156  11:44  Roach x4  
  170  11:51  Roach x3  
  128  12:09  Roach  
  128  12:10  Roach x10  
  150  12:20  Roach x7  
  140  12:37  Roach x10  
  140  12:43  Roach x2  
  140  12:44  Roach  
  144  12:48  Roach x4  
  130  13:04  Roach x10  
  136  13:14  Roach x6  
  146  13:34  Extractor  
  141  13:39  Hatchery, Extractor  
  141  13:41  Roach x10  
  139  13:42  Roach x4  
Show
View Real Time Build Order
Export as new Build Order

UnderWhere Zerg 

Build Orders: Hatch First, Roach Hydra 

Get SALT Encoding   

  12  0:04  Drone  
  13  0:12  Overlord  
  13  0:18  Drone  
  14  0:31  Drone x2  
  16  0:40  Drone  
  17  0:54  Hatchery  
  16  0:57  Drone  
  17  1:13  Spawning Pool  
  17  1:15  Drone  
  17  1:16  Drone  
  18  1:22  Drone  
  19  1:30  Extractor  
  18  1:32  Drone  
  19  1:41  Overlord  
  19  1:59  Drone  
  19  2:00  Queen  
  22  2:07  Drone  
  23  2:09  Queen  
  23  2:10  Drone  
  26  2:22  Drone x2  
  28  2:35  Drone x2  
  30  2:42  Lair  
  30  2:44  Overlord, Drone  
  30  2:47  Queen  
  30  2:50  Drone x2  
  35  3:00  Evolution Chamber  
  35  3:03  Drone, Roach Warren  
  35  3:04  Drone  
  35  3:17  Evolution Chamber  
  34  3:21  Overlord  
  34  3:22  Drone x5  
  34  3:23  Drone  
  34  3:24  Extractor  
  39  3:27  Extractor  
  39  3:31  Zerg Missile Weapons Level 1  
  38  3:44  Drone x4  
  42  3:53  Drone x2  
  42  3:54  Drone x2  
  42  3:55  Overlord, Drone  
  47  4:02  Glial Reconstitution  
  47  4:05  Overseer  
  47  4:14  Roach x2  
  47  4:15  Roach x2  
  47  4:17  Overlord  
  55  4:34  Roach x2  
  59  4:49  Hatchery  
  58  4:54  Overlord x2  
  58  5:01  Roach x5  
  68  5:12  Overlord x2  
  68  5:20  Roach x2  
  72  5:36  Zerg Missile Weapons Level 2, Roach x2  
  76  5:49  Hydralisk Den  
  75  5:50  Extractor  
  75  5:51  Roach x3  
  75  5:54  Roach x2  
  84  6:05  Drone  
  84  6:06  Drone x4  
  84  6:10  Drone x2  
  91  6:17  Drone x3  
  94  6:20  Grooved Spines  
  95  6:32  Drone  
  95  6:33  Drone x3  
  95  6:34  Zerg Ground Armor Level 1  
  95  6:35  Overlord x3  
  98  7:03  Extractor  
  98  7:06  Roach x2, Extractor  
  98  7:07  Roach x6  
  112  7:08  Roach x2  
  112  7:09  Roach  
  112  7:14  Overseer  
  118  7:22  Drone x4  
  122  7:32  Overlord x4  
  122  7:55  Drone x4  
  122  7:57  Drone x2  
  122  7:58  Drone x3  
  130  8:05  Infestation Pit, Hydralisk x5  
  131  8:06  Hydralisk  
  142  8:36  Overlord x3  
  142  8:45  Muscular Augments  
  120  9:04  Hydralisk x2  
  120  9:05  Hydralisk x12  
  122  9:11  Hydralisk  
  122  9:20  Hydralisk x7  
  122  9:21  Hydralisk  
  138  9:26  Hydralisk x4  
  138  9:28  Zerg Ground Armor Level 2  
  138  9:31  Roach x2  
  150  9:38  Overlord  
  150  9:50  Hydralisk x6  
  150  9:52  Overlord x2  
  162  9:57  Overlord x2  
  162  9:58  Hatchery  
  161  10:16  Hydralisk x2  
  161  10:17  Hydralisk x9  
  161  10:18  Hydralisk x2  
  187  10:23  Overseer x2  
  187  10:43  Hydralisk  
  187  10:44  Hydralisk x2  
  187  10:45  Overlord x2  
  187  10:46  Overlord  
  193  10:51  Drone  
  194  11:06  Hive  
  194  11:09  Spire, Extractor  
  194  11:10  Extractor  
  191  11:18  Roach x4  
  183  11:33  Overlord x2  
  183  11:39  Hydralisk x4  
  161  11:40  Hydralisk x9  
  161  11:41  Hydralisk  
  161  11:42  Hydralisk  
  161  11:44  Hydralisk  
  153  11:47  Hydralisk  
  119  11:56  Hydralisk x3  
  119  11:57  Hydralisk  
  117  12:15  Hydralisk x7  
  131  12:31  Hydralisk x3  
  131  12:32  Hydralisk x3  
  123  12:37  Hydralisk x2  
  99  12:53  Hydralisk  
  99  12:54  Hydralisk x4  
  99  12:55  Hydralisk  
  103  13:01  Hydralisk x2  
  95  13:11  Hydralisk x3  
  91  13:16  Hydralisk  
  91  13:17  Hydralisk  
  91  13:19  Zergling x10  
Tags
 
Add a new tag
Caveats
  • Supply blocks, unpowered buildings, or Contaminate may cause inaccurate times.
  • Supply counts are checked every 10 seconds.